 Dungeon Crawl Stone Soup version 0.16.2-2-g470672f (webtiles) character file.

134416 nowai the Sorcerer (level 16, -4/100 HPs)
             Began as a Deep Elf Wizard on Aug 26, 2015.
             Was the Champion of Vehumet.
             Slain by a halberd of chopping (5 damage)
             ... on level 2 of the Elven Halls on Aug 28, 2015.
             The game lasted 08:19:35 (36991 turns).

nowai the Sorcerer (Deep Elf Wizard)               Turns: 36991, Time: 08:19:35

Health: -4/100     AC: 16    Str:  7    XL:     16   Next: 62%
Magic:  9/57       EV: 16    Int: 34    God:    Vehumet [******]
Gold:   804        SH:  5    Dex: 13    Spells: 15 memorised, 3 levels left

rFire  + . .     SeeInvis +     Z - staff of power
rCold  . . .     Clarity  .     W - +2 leather armour "Upnodgh" {rC+ Str+3 Int+3 Slay-4 Stlth+}
rNeg   . . .     SustAb   .     U - +0 buckler {AC+3}
rPois  .         Gourm    +     g - +2 helmet {SInv}
rElec  .         Spirit   .     Y - +1 cloak
rCorr  .         Warding  .     (no gloves)
rMut   .         Stasis   .     h - +1 pair of boots
MR     ++...                    F - amulet of the gourmand
Stlth  +++.......               n - ring of protection from magic
                                O - ring of fire

@: about to teleport, repel missiles, very resistant to hostile enchantments,
fairly stealthy
A: no striking features
a: Renounce Religion


You were on level 2 of the Elven Halls.
You worshipped Vehumet.
Vehumet was exalted by your worship.
You were not hungry.

You visited 5 branches of the dungeon, and saw 28 of its levels.
You also visited: Bailey.

You collected 2729 gold pieces.
You spent 1925 gold pieces at shops.

Inventory:

Hand weapons
 f - a +0 blowgun
 i - a +0 dagger of distortion
 X - a +6 demon blade of electrocution
Missiles
 d - 9 curare-tipped needles
 j - 4 tomahawks of dispersal (quivered)
Armour
 b - a +0 shield
 g - a +2 helmet of see invisible (worn)
 h - a +1 pair of boots (worn)
 z - a +0 shield
 N - the +1 robe of Broken Taboos {rCorr}
   (You bought it in a shop on level 1 of the Orcish Mines)

   It protects you from acid and corrosion.
 U - a +0 buckler of protection (worn)
 W - the +2 leather armour "Upnodgh" (worn) {rC+ Str+3 Int+3 Slay-4 Stlth+}
   (You bought it in a shop on level 9 of the Dungeon)

   It affects your strength (+3).
   It affects your intelligence (+3).
   It affects your accuracy and damage with ranged weapons and melee attacks
   (-4).
   It protects you from cold.
   It makes you more stealthy.
 Y - a +1 cloak (worn)
Magical staves
 Z - an uncursed staff of power (weapon)
Jewellery
 e - an uncursed ring of flight
 n - a ring of protection from magic (right hand)
 o - an uncursed ring of protection from fire
 x - an uncursed ring of positive energy
 F - an amulet of the gourmand (around neck)
 M - a +4 ring of protection
 O - a ring of fire (left hand)
 Q - an uncursed ring of protection from fire
Magical devices
 a - a wand of disintegration (14)
 r - a wand of magic darts (21)
 u - a wand of polymorph (21)
 v - a wand of digging (7)
 L - a wand of magic darts (8)
 R - a wand of digging (11)
 S - a wand of slowing (16)
Scrolls
 t - a scroll of vulnerability {unknown}
 w - 5 scrolls of identify
 y - 2 scrolls of enchant weapon
 B - a scroll of noise {unknown}
 G - 3 scrolls of blinking
 H - a scroll of magic mapping
 J - 3 scrolls of fear
 K - a scroll of remove curse
Potions
 l - 4 potions of curing
 p - 2 potions of haste
 q - 3 potions of mutation
 A - a potion of brilliance
 C - 4 potions of heal wounds
 I - a potion of invisibility
 P - a potion of flight {unknown}
Books
 E - the Grimoire of Virous Snow
   (You found it on level 13 of the Dungeon)

   Spells                             Type                      Level
   a - Freeze                         Ice                          1
   b - Ozocubu's Armour               Charms/Ice                   3
   c - Mephitic Cloud                 Conjuration/Poison/Air       3
   d - Summon Ice Beast               Ice/Summoning                4
   e - Alistair's Intoxication        Transmutation/Poison         4
 T - a book of Callings

   Spells                             Type                      Level
   a - Summon Small Mammal            Summoning                    1
   b - Call Imp                       Summoning                    2
   c - Call Canine Familiar           Summoning                    3
   d - Summon Guardian Golem          Hexes/Summoning              4
   e - Summon Lightning Spire         Summoning/Air                4
   f - Summon Ice Beast               Ice/Summoning                4
Miscellaneous
 m - a lantern of shadows
Comestibles
 c - 4 fruits
 k - 3 bread rations
 s - a slice of pizza
 D - a royal jelly


   Skills:
 - Level 11.0 Fighting
 - Level 5.1 Armour
 - Level 10.0 Dodging
 - Level 2.4 Stealth
 - Level 5.0 Shields
 - Level 22.0 Spellcasting
 * Level 15.5 Conjurations
 - Level 7.0 Charms
 - Level 1.1 Summonings
 - Level 3.1 Translocations
 - Level 10.0 Fire Magic
 - Level 7.1 Air Magic


You had 3 spell levels left.
You knew the following spells:

 Your Spells              Type           Power        Failure   Level  Hunger
a - Magic Dart            Conj           ####         0%          1    None
b - Mephitic Cloud        Conj/Pois/Air  ######..     1%          3    None
c - Conjure Flame         Conj/Fire      ########     1%          3    None
d - Blink                 Tloc           N/A          1%          2    None
e - Repel Missiles        Chrm/Air       ######       1%          2    None
f - Spellforged Servitor  Conj/Summ      #######...   10%         7    None
g - Lightning Bolt        Conj/Air       #######...   1%          5    None
h - Bolt of Fire          Conj/Fire      ########..   1%          6    None
i - Ignite Poison         Fire/Trmt      #######...   1%          5    None
j - Fireball              Conj/Fire      ########..   1%          5    None
k - Delayed Fireball      Conj/Fire      N/A          1%          7    None
l - Apportation           Tloc           ######....   1%          1    None
m - Poisonous Cloud       Conj/Pois/Air  ######....   2%          6    None
r - Regeneration          Chrm/Necr      ######....   1%          3    None
t - Iskenderun's Battles  Conj/Chrm      #######.     1%          5    None


Dungeon Overview and Level Annotations

Branches:
Dungeon (13/15)            Temple (1/1) D:4            Lair (8/8) D:10
 Shoals (0/5) Lair:4       Spider (0/5) Lair:4        Slime (0/6) Lair:8
    Orc (4/4) D:12            Elf (2/3) Orc:4
 Vaults: D:13-14

Altars:
Ashenzari
Cheibriados
Dithmenos
Elyvilon
Fedhas
Gozag
Kikubaaqudgha
Makhleb
Nemelex Xobeh
Okawaru
Qazlal
Ru
Sif Muna
Trog
Vehumet
Xom
Yredelemnul
Zin
The Shining One
Beogh
Jiyva

Shops:
D:8 !   D:9 [   Orc:1 ?=}*   Orc:2 =   Orc:4 [:}?   Elf:1 [

Portals:
Hell: Lair:8
Trove: D:11 (show abyssal rune of Zot)

Annotations:
D:2 exclusion: downstairs


Message History

The enchanted dagger hits you but does no damage.
The halberd of chopping hits you from afar!
The enchanted dagger hits you. The battleaxe of freezing hits you!
* * * LOW HITPOINT WARNING * * *
The battleaxe of freezing freezes you.
* * * LOW HITPOINT WARNING * * *
Read which item? (? for menu, Esc to quit)
As you read the scroll of teleportation, it crumbles to dust.
You feel strangely unstable.
The enchanted dagger hits you but does no damage.
The halberd of chopping completely misses you.
The enchanted dagger hits you.
* * * LOW HITPOINT WARNING * * *
You block the battleaxe of freezing's attack.
The enchanted dagger hits you but does no damage.
The halberd of chopping hits you!!
* * * LOW HITPOINT WARNING * * *
x2 You block the enchanted dagger's attack.
The halberd of chopping hits you.
You die...

# ### ##......# ..
....# #......##
........# #.....##
.........##...*.##
..# #...).'......##
# ###...'.....(.# #
#####.......# ###
###...'....(((#
..###.....'.)...@##
.........##.....##
........###.....##
.......## #......##
######## ##......#
## ##.....# #
##.####.....##
..##...##.....##
...............##


You could see 4 dancing weapons.

Vanquished Creatures
  Asterion (Elf:2)
  Rupert (Lair:5)
  Gastronok (Orc:4)
  The ghost of droidenko the Severer, a powerful HOFi of Okawaru (Orc:3)
  A deep elf sorcerer (Elf:2)
  A deep elf demonologist (Elf:1)
  2 dire elephants (Lair:8)
  Snorg (Lair:8)
  Josephine (Orc:2)
  A hell beast (Lair:8)
  11 hydras
  Fannar (Lair:7)
  A deep elf high priest (Elf:1)
  Harold (Lair:4)
  10 dancing weapons
  19 death yaks
  A large abomination (Elf:1)
  3 orc high priests (Orc:4)
  Nergalle (D:11)
  A fire crab (Lair:8)
  10 deep elf knights
  A lindwurm (Lair:7)
  A deep elf summoner (Elf:2)
  2 wizards
  14 deep elf conjurers
  4 orc sorcerers
  8 hill giants
  A cyclops (D:11)
  3 ugly things
  6 orc knights
  2 griffons
  A siren (Lair:4)
  8 black mambas
  A centaur zombie (D:12)
  Maurice (Orc:3)
  Joseph (Orc:4)
  A gargoyle (D:13)
  A torpor snail (Lair:1)
  A small abomination (Elf:1)
  4 orange demons (Lair:8)
  19 spiny frogs
  A kobold demonologist (D:13)
  10 komodo dragons
  Psyche (D:10)
  A queen ant (Lair:8)
  A troll (D:11)
  7 deep elf priests
  3 merfolk (Lair:4)
  2 fire drakes
  A red devil (Lair:8)
  A hellwing (Lair:8)
  A two-headed ogre (D:12)
  Sonja (D:11)
  A queen bee (Lair:7)
  4 blue devils (Lair:8)
  4 polar bears
  2 boulder beetles (Lair:8)
  24 blink frogs
  3 basilisks
  A centaur simulacrum (D:13)
  4 wraiths
  A wyvern (D:9)
  76 yaks
  15 wolves
  3 hungry ghosts
  14 deep elf fighters
  7 humans (D:10)
  6 deep elf magi
  10 hippogriffs
  A human zombie (Orc:2)
  16 water moccasins
  A warg (Orc:4)
  16 porcupines
  A hell hound (Lair:8)
  2 trapdoor spider simulacra (D:12)
  15 soldier ants (Lair:8)
  A wasp (D:10)
  12 centaurs
  42 orc warriors
  7 sky beasts
  The ghost of droidenko the Covered, an average MiFi (D:3)
  2 necrophages
  6 ice beasts
  A black bear (D:7)
  2 phantoms
  10 ogres
  2 boring beetles
  6 big kobolds
  Duvessa (D:7)
  11 crocodiles
  2 gnoll sergeants
  13 giant frogs
  2 wyvern zombies
  38 killer bees
  13 wights
  6 scorpions
  10 electric eels
  14 jellies
  A vampire bat (Lair:7)
  14 hounds
  2 goliath beetles
  Dowan (D:7)
  8 crimson imps
  A giant frog zombie (D:10)
  2 centaur skeletons
  2 giant frog skeletons
  5 iguanas
  32 orc priests
  44 orc wizards
  17 sheep
  46 worker ants
  Jessica (D:2)
  A hound zombie (D:7)
  A hound skeleton (D:4)
  73 river rats
  24 adders
  10 gnolls
  3 giant mites (Lair:4)
  2 worms
  2 white imps (D:12)
  2 adder skeletons (D:7)
  211 orcs
  20 bats
  A bat skeleton (D:4)
  10 giant cockroaches
  19 goblins
  21 hobgoblins
  17 jackals
  30 kobolds
  14 quokkas
  3 ball pythons
  A giant cockroach zombie (D:6)
  6 giant geckos
  5 giant newts
  2 giant spores
  A quokka skeleton (D:7)
  22 rats
  A ballistomycete (D:13)
  10 bushes
  16 fungi
  6 plants
1319 creatures vanquished.

Vanquished Creatures (collateral kills)
  A deep elf priest (Elf:2)
  2 deep elf fighters (Elf:2)
  2 crawling corpses (Elf:2)
5 creatures vanquished.

Vanquished Creatures (others)
  A spellforged servitor (Elf:2)
  A kobold (D:6)
  31 fungi
  13 plants
46 creatures vanquished.

Grand Total: 1370 creatures vanquished

Notes
Turn   | Place    | Note
--------------------------------------------------------------
     0 | D:1      | nowai, the Deep Elf Wizard, began the quest for the Orb.
     0 | D:1      | Reached XP level 1. HP: 10/10 MP: 6/6
   402 | D:1      | Reached XP level 2. HP: 13/15 MP: 4/9
   864 | D:3      | Reached XP level 3. HP: 19/19 MP: 5/12
   876 | D:3      | Learned a level 3 spell: Mephitic Cloud
   880 | D:3      | Learned a level 3 spell: Conjure Flame
   883 | D:3      | Learned a level 2 spell: Blink
  1141 | D:4      | Reached skill level 1 in Air Magic
  1224 | D:4      | Found a staircase to the Ecumenical Temple.
  1233 | Temple   | Entered the Ecumenical Temple
  1294 | Temple   | Became a worshipper of Vehumet
  1483 | D:1      | Reached XP level 4. HP: 24/24 MP: 12/15
  1487 | D:1      | Learned a level 2 spell: Repel Missiles
  1963 | D:2      | Noticed Jessica
  2069 | D:2      | Killed Jessica
  2500 | D:3      | Noticed droidenko's ghost (average MiFi)
  2648 | D:3      | Killed droidenko's ghost
  2648 | D:3      | Reached XP level 5. HP: 16/28 MP: 7/18
  2696 | D:3      | Noticed an ice beast
  2717 | D:3      | Killed an ice beast
  2717 | D:3      | Reached XP level 6. HP: 26/32 MP: 5/20
  3092 | D:3      | Acquired Vehumet's first power
  3092 | D:3      | Offered knowledge of Shock by Vehumet.
  3095 | D:3      | Learned a level 1 spell: Shock
  3220 | D:4      | Reached skill level 5 in Spellcasting
  3594 | D:4      | Reached skill level 5 in Conjurations
  3775 | D:5      | Entered Level 5 of the Dungeon
  3814 | D:5      | Reached XP level 7. HP: 23/36 MP: 7/23
  4015 | D:5      | Reached skill level 5 in Air Magic
  4207 | D:5      | Offered knowledge of Flame Tongue by Vehumet.
  4207 | D:5      | Reached skill level 6 in Spellcasting
  5434 | D:6      | Reached skill level 7 in Spellcasting
  5441 | D:6      | Offered knowledge of Throw Frost by Vehumet.
  5449 | D:6      | Reached XP level 8. HP: 41/41 MP: 17/26
  5660 | D:6      | Acquired Vehumet's second power
  5769 | D:6      | Reached skill level 1 in Charms
  6162 | D:6      | Reached skill level 8 in Spellcasting
  6244 | D:6      | Offered knowledge of Airstrike by Vehumet.
  6250 | D:6      | Learned a level 4 spell: Airstrike
  6318 | D:6      | Found a basalt altar of Yredelemnul.
  6481 | D:6      | Learned a level 3 spell: Regeneration
  6586 | D:7      | Reached skill level 9 in Spellcasting
  6602 | D:7      | Reached skill level 10 in Spellcasting
  6703 | D:7      | Reached XP level 9. HP: 43/45 MP: 24/30
  6723 | D:7      | Noticed Dowan
  6724 | D:7      | Noticed Duvessa
  6733 | D:7      | Killed Dowan
  6750 | D:7      | Killed Duvessa
  6890 | D:7      | Reached skill level 11 in Spellcasting
  6899 | D:6      | Learned a level 5 spell: Lightning Bolt
  6905 | D:6      | Learned a level 5 spell: Fireball
  7739 | D:7      | Acquired Vehumet's third power
  7739 | D:7      | Reached skill level 12 in Spellcasting
  8274 | D:8      | Reached skill level 13 in Spellcasting
  8488 | D:8      | Offered knowledge of Iskenderun's Mystic Blast by Vehumet.
  8682 | D:8      | Reached skill level 14 in Spellcasting
  8921 | D:8      | Reached XP level 10. HP: 50/50 MP: 19/34
  9573 | D:8      | Reached skill level 15 in Spellcasting
  9804 | D:8      | Found Wimaetz's Distillery.
  9820 | D:8      | Bought a potion of invisibility for 96 gold pieces
  9820 | D:8      | Bought a potion of heal wounds for 60 gold pieces
  9820 | D:8      | Bought a potion of curing for 36 gold pieces
  9820 | D:8      | Bought a potion of lignification for 36 gold pieces
  9820 | D:8      | Bought a potion of mutation for 30 gold pieces
  9929 | D:8      | Reached skill level 1 in Fire Magic
 10509 | D:9      | Offered knowledge of Delayed Fireball by Vehumet.
 10526 | D:9      | Learned a level 7 spell: Delayed Fireball
 10650 | D:9      | Found an iron altar of Okawaru.
 10669 | D:9      | Found a white marble altar of Elyvilon.
 10672 | D:9      | Found a bloodstained altar of Trog.
 10675 | D:9      | Found a sparkling altar of Nemelex Xobeh.
 10678 | D:9      | Found a burning altar of Makhleb.
 10700 | D:9      | Found Zyiroshra's Armour Shoppe.
 10780 | D:9      | Found a flagged portal.
 10787 | Bailey   | Entered a bailey
 11510 | Bailey   | Reached skill level 5 in Fire Magic
 11544 | Bailey   | Noticed an orc knight
 11591 | Bailey   | Killed an orc knight
 12721 | D:10     | Entered Level 10 of the Dungeon
 12727 | D:10     | Reached XP level 11. HP: 52/54 MP: 36/36
 12752 | D:10     | Noticed a hill giant
 12768 | D:10     | Killed a hill giant
 13041 | D:10     | Noticed Psyche
 13047 | D:10     | Killed Psyche
 13554 | D:10     | Noticed a three-headed hydra
 13572 | D:10     | Killed a three-headed hydra
 13751 | D:10     | Found a staircase to the Lair.
 13957 | Lair:1   | Entered Level 1 of the Lair of Beasts
 14192 | Lair:1   | Reached skill level 10 in Conjurations
 14414 | Lair:1   | Reached skill level 10 in Fire Magic
 14857 | Lair:1   | Reached skill level 16 in Spellcasting
 14857 | Lair:1   | Reached XP level 12. HP: 59/59 MP: 33/37
 16140 | Lair:2   | Reached skill level 17 in Spellcasting
 16181 | Lair:2   | Offered knowledge of Ignite Poison by Vehumet.
 16301 | Lair:3   | Noticed a five-headed hydra
 16310 | Lair:3   | Killed a five-headed hydra
 16359 | Lair:1   | Reached skill level 18 in Spellcasting
 16842 | Lair:2   | Learned a level 6 spell: Bolt of Fire
 16844 | Lair:2   | Learned a level 1 spell: Apportation
 17027 | Lair:3   | Noticed a seven-headed hydra
 17028 | Lair:3   | Killed a seven-headed hydra
 17028 | Lair:3   | Reached skill level 1 in Fighting
 18026 | Lair:4   | Noticed Harold
 18243 | Lair:4   | Found a hole to the Spider Nest.
 18431 | Lair:4   | Reached XP level 13. HP: 42/70 MP: 9/39
 18573 | Lair:4   | Reached skill level 5 in Charms
 18580 | Lair:4   | Learned a level 5 spell: Ignite Poison
 19000 | Lair:4   | Found a staircase to the Shoals.
 19070 | Lair:4   | Killed Harold
 19302 | Lair:4   | Reached skill level 5 in Fighting
 19750 | Lair:5   | Reached skill level 19 in Spellcasting
 19754 | Lair:5   | Noticed Rupert
 19760 | Lair:5   | Killed Rupert
 19973 | Lair:5   | Offered knowledge of Iskenderun's Battlesphere by Vehumet.
 19980 | Lair:5   | Learned a level 5 spell: Iskenderun's Battlesphere
 22292 | Lair:7   | Noticed Fannar
 22353 | Lair:7   | Killed Fannar
 22517 | Lair:7   | Offered knowledge of Orb of Destruction by Vehumet.
 22622 | Lair:7   | Reached XP level 14. HP: 82/84 MP: 37/41
 22634 | Lair:7   | Reached skill level 20 in Spellcasting
 22877 | Lair:7   | Reached skill level 10 in Fighting
 23850 | Lair:7   | Offered knowledge of Spellforged Servitor by Vehumet.
 24580 | D:8      | Bought a potion of haste for 120 gold pieces
 24580 | D:8      | Bought a potion of might for 48 gold pieces
 24580 | D:8      | Bought a potion of berserk rage for 60 gold pieces
 24580 | D:8      | Bought a potion of brilliance for 48 gold pieces
 24580 | D:8      | Bought a potion of restore abilities for 60 gold pieces
 24612 | D:8      | Learned a level 7 spell: Spellforged Servitor
 24672 | D:9      | Bought a +0 buckler of protection for 115 gold pieces
 24672 | D:9      | Bought the +2 leather armour "Upnodgh" {rC+ Str+3 Int+3 Slay-4 Stlth+} for 246 gold pieces
 24898 | Lair:8   | Entered Level 8 of the Lair of Beasts
 24909 | Lair:8   | Reached skill level 1 in Shields
 25124 | Lair:8   | Reached skill level 21 in Spellcasting
 25135 | Lair:8   | Found a viscous altar of Jiyva.
 25136 | Lair:8   | Found a staircase to the Slime Pits.
 25557 | Lair:8   | Offered knowledge of Ozocubu's Refrigeration by Vehumet.
 25958 | Lair:8   | Noticed Snorg
 25962 | Lair:8   | Killed Snorg
 26432 | Lair:8   | Reached skill level 5 in Dodging
 26438 | Lair:8   | Reached XP level 15. HP: 94/94 MP: 9/42
 27456 | Lair:8   | Found a burning altar of Makhleb.
 27672 | Lair:8   | Found a gateway to Hell.
 28589 | D:11     | Noticed Sonja
 28595 | D:11     | Killed Sonja
 28699 | D:11     | Noticed Nergalle
 28702 | D:11     | Killed Nergalle
 28702 | D:11     | Offered knowledge of Poisonous Cloud by Vehumet.
 28712 | D:11     | Learned a level 6 spell: Poisonous Cloud
 29205 | D:11     | Found a portal to a secret trove of treasure.
 29587 | D:12     | Found a staircase to the Orcish Mines.
 30605 | D:13     | Offered knowledge of Fire Storm by Vehumet.
 30605 | D:13     | Offered knowledge of Glaciate by Vehumet.
 30605 | D:13     | Offered knowledge of Tornado by Vehumet.
 30778 | D:13     | Identified the Grimoire of Virous Snow
 31487 | D:13     | Reached skill level 5 in Shields
 31689 | Orc:1    | Entered Level 1 of the Orcish Mines
 31888 | Orc:1    | Found Suothrim's Gadget Shoppe.
 31888 | Orc:1    | Found Klar's Jewellery Shoppe.
 31902 | Orc:1    | Found Stretwol's Assorted Antiques.
 31926 | Orc:1    | Bought a coral ring for 165 gold pieces
 31926 | Orc:1    | Bought a heavy robe for 188 gold pieces
 31941 | Orc:1    | Bought an uncursed ring of fire for 350 gold pieces
 31956 | Orc:1    | Identified the +1 robe of Broken Taboos {rCorr} (You bought it in a shop on level 1 of the Orcish Mines)
 32143 | Orc:1    | Found Woableo's Magic Scroll Emporium.
 32419 | Orc:2    | Noticed Josephine
 32422 | Orc:2    | Killed Josephine
 32594 | Orc:3    | Noticed droidenko's ghost (powerful HOFi)
 32596 | Orc:3    | Noticed Maurice
 32663 | Orc:3    | Killed Maurice
 32663 | Orc:3    | Reached skill level 1 in Armour
 32947 | Orc:3    | Killed droidenko's ghost
 33078 | Orc:2    | Found Lom Reufent's Jewellery Shoppe.
 33343 | Orc:3    | Found a bloodstained altar of Trog.
 33863 | Orc:4    | Entered Level 4 of the Orcish Mines
 33863 | Orc:4    | Noticed Joseph
 33866 | Orc:4    | Killed Joseph
 33866 | Orc:4    | Reached skill level 22 in Spellcasting
 33907 | Orc:4    | Found a staircase to the Elven Halls.
 33939 | Orc:4    | Found a roughly hewn altar of Beogh.
 34131 | Orc:4    | Noticed Gastronok
 34137 | Orc:4    | Killed Gastronok
 34684 | Orc:4    | Found Ybaz Wucu's Antique Armour Boutique.
 34684 | Orc:4    | Found Klas' Book Emporium.
 34685 | Orc:4    | Found Goulinas' Gadget Boutique.
 34685 | Orc:4    | Found Xioddiof's Magic Scroll Emporium.
 34717 | Orc:4    | Bought a scroll of random uselessness for 14 gold pieces
 34721 | Orc:4    | Bought a scroll of enchant weapon for 105 gold pieces
 35191 | Elf:1    | Entered Level 1 of the Elven Halls
 35233 | Elf:1    | Reached XP level 16. HP: 91/100 MP: 41/43
 35663 | Elf:1    | Found Eraic's Antique Armour Shop.
 35671 | Elf:1    | Bought a glowing cloak for 148 gold pieces
 36354 | Elf:2    | Reached skill level 10 in Dodging
 36741 | Elf:2    | Reached skill level 5 in Armour
 36745 | Elf:2    | Noticed Asterion
 36749 | Elf:2    | Killed Asterion
 36773 | Elf:2    | Found a large runed door.
 36773 | Elf:2    | Found a large runed door.
 36784 | Elf:2    | Reached skill level 15 in Conjurations
 36786 | Elf:2    | Found a large runed door.
 36786 | Elf:2    | Found a large runed door.
 36991 | Elf:2    | HP: 2/100 [halberd of chopping (21)]
 36991 | Elf:2    | Slain by a halberd of chopping

Action                   |  1- 3 |  4- 6 |  7- 9 | 10-12 | 13-15 | 16-18 || total
-------------------------+-------+-------+-------+-------+-------+-------++-------
Melee: Whip              |     4 |       |       |       |       |       ||     4
       Unarmed           |     1 |       |       |       |       |       ||     1
       Dagger            |    12 |    33 |    11 |       |       |       ||    56
       Trident           |       |       |    91 |    47 |       |       ||   138
       Hand axe          |       |       |    34 |       |       |       ||    34
       Staff             |       |       |       |    14 |     6 |       ||    20
 Fire: Hunting sling     |       |    10 |       |       |       |       ||    10
Throw: Javelin           |       |     5 |       |       |       |       ||     5
       Tomahawk          |       |       |       |       |     2 |       ||     2
 Cast: Magic Dart        |    93 |   140 |   252 |   280 |   341 |    36 ||  1142
       Conjure Flame     |     1 |     9 |    44 |    29 |     5 |       ||    88
       Blink             |       |     2 |       |    16 |    10 |     1 ||    29
       Mephitic Cloud    |       |     1 |    20 |     4 |     6 |       ||    31
       Shock             |       |     7 |    96 |    23 |       |       ||   126
       Repel Missiles    |       |       |     2 |     2 |     1 |       ||     5
       Fireball          |       |       |    10 |   223 |   187 |     5 ||   425
       Regeneration      |       |       |     6 |    28 |    30 |     4 ||    68
       Lightning Bolt    |       |       |     5 |    20 |    15 |     3 ||    43
       Airstrike         |       |       |       |    13 |     7 |       ||    20
       Delayed Fireball  |       |       |       |     2 |     6 |     1 ||     9
       Bolt of Fire      |       |       |       |    12 |   348 |    59 ||   419
       Iskenderun's Batt |       |       |       |       |   110 |    17 ||   127
       Ignite Poison     |       |       |       |       |    10 |       ||    10
       Poisonous Cloud   |       |       |       |       |    12 |     3 ||    15
       Spellforged Servi |       |       |       |       |     2 |     1 ||     3
 Abil: Evoke Flight      |       |       |       |     5 |       |       ||     5
       Stop Flying       |       |       |       |     1 |       |       ||     1
       Release Delayed F |       |       |       |     2 |     5 |     2 ||     9
  Use: Scroll            |       |       |       |     2 |    10 |     1 ||    13
       Potion            |       |       |       |     2 |       |       ||     2
 Stab: Confused          |       |       |     1 |       |       |       ||     1
  Eat: Chunk             |     2 |     7 |    30 |    30 |    51 |     3 ||   123
